Map: Wieże Zmierzchu

Players

Gracz - Winner!

  • Race: Protoss Protoss

SI 1 (Łatwa)

  • Race: Terran Terran

VOD

Have the link to the VOD?

Description

Time

  • Played on: Feb. 26, 2016, 8:23 p.m.
  • Length: 18:20
Show
View Real Time Build Order
Export as new Build Order

Gracz Protoss - Winner!

Build Orders:  

Get SALT Encoding   

  12  0:08  Probe (Chrono Boost)  
  13  0:19  Probe (Chrono Boost)  
  14  0:25  Pylon  
  14  0:29  Probe (Chrono Boost)  
  15  1:13  Nexus  
  15  1:28  Nexus  
  15  1:58  Nexus  
  15  2:07  Assimilator  
  15  2:13  Assimilator  
  15  2:26  Assimilator  
  15  2:32  Assimilator  
  15  2:36  Probe (Chrono Boost)  
  16  2:41  Probe (Chrono Boost)  
  17  2:44  Assimilator  
  17  2:49  Assimilator x2  
  17  2:53  Assimilator  
  17  2:57  Pylon  
  17  3:03  Pylon  
  17  3:06  Probe (Chrono Boost)  
  17  3:10  Probe (Chrono Boost)  
  19  3:21  Probe (Chrono Boost)  
  19  3:23  Probe (Chrono Boost)  
  21  3:27  Probe (Chrono Boost)  
  21  3:31  Probe (Chrono Boost)  
  21  3:33  Probe (Chrono Boost)  
  24  3:42  Probe (Chrono Boost)  
  25  3:52  Probe (Chrono Boost)  
  25  3:53  Probe (Chrono Boost)  
  27  4:03  Probe (Chrono Boost)  
  27  4:04  Probe (Chrono Boost)  
  29  4:13  Probe (Chrono Boost)  
  29  4:14  Probe (Chrono Boost)  
  29  4:16  Probe (Chrono Boost)  
  32  4:19  Probe (Chrono Boost)  
  33  4:25  Probe (Chrono Boost)  
  33  4:27  Probe (Chrono Boost)  
  33  4:30  Probe (Chrono Boost)  
  36  4:35  Probe (Chrono Boost)  
  36  4:38  Probe (Chrono Boost)  
  38  4:40  Probe (Chrono Boost)  
  39  4:46  Probe (Chrono Boost)  
  39  4:48  Probe (Chrono Boost)  
  39  4:51  Probe (Chrono Boost)  
  42  5:01  Probe (Chrono Boost)  
  43  5:12  Pylon, Probe (Chrono Boost)  
  44  5:16  Pylon  
  44  5:23  Probe (Chrono Boost)  
  44  5:24  Pylon  
  44  5:28  Pylon  
  45  5:32  Pylon  
  45  5:37  Pylon  
  45  5:43  Pylon  
  45  5:47  Pylon  
  45  5:48  Probe (Chrono Boost)  
  46  5:51  Pylon, Probe (Chrono Boost)  
  46  5:53  Probe (Chrono Boost)  
  46  5:54  Pylon  
  48  5:58  Pylon, Probe (Chrono Boost)  
  48  6:01  Probe (Chrono Boost)  
  48  6:03  Probe (Chrono Boost)  
  51  6:09  Probe (Chrono Boost)  
  52  6:12  Probe (Chrono Boost)  
  52  6:14  Probe (Chrono Boost)  
  54  6:19  Probe (Chrono Boost)  
  54  6:22  Probe (Chrono Boost)  
  54  6:24  Probe (Chrono Boost)  
  57  6:25  Gateway  
  57  6:27  Gateway  
  57  6:28  Gateway  
  57  6:30  Probe (Chrono Boost)  
  58  6:33  Gateway  
  58  6:36  Gateway  
  58  6:41  Gateway  
  58  6:49  Probe (Chrono Boost)  
  58  6:50  Probe (Chrono Boost)  
  58  6:51  Forge  
  58  6:52  Probe (Chrono Boost)  
  61  7:00  Probe (Chrono Boost)  
  63  7:01  Probe (Chrono Boost)  
  62  7:15  Pylon  
  62  7:19  Pylon  
  54  7:30  Zealot x2 (Chrono Boost)  
  54  7:31  Zealot (Chrono Boost)  
  50  8:27  Zealot (Chrono Boost)  
  50  8:28  Zealot (Chrono Boost)  
  50  8:30  Zealot (Chrono Boost)  
  56  8:42  Cybernetics Core  
  56  9:21  Nexus  
  56  9:25  Assimilator  
  56  9:30  Assimilator  
  56  9:35  Pylon  
  56  9:37  Pylon  
  56  9:43  Pylon  
  56  9:50  Pylon  
  56  9:53  Pylon  
  56  9:55  Stargate  
  56  9:56  Stargate, Pylon  
  56  9:59  Stargate  
  56  10:00  Pylon  
  56  10:03  Pylon  
  56  10:05  Stargate  
  56  10:06  Nexus  
  56  10:07  Stargate  
  56  10:09  Stargate  
  56  10:10  Assimilator  
  56  10:11  Stargate  
  56  10:14  Stargate, Assimilator  
  56  10:19  Stargate  
  56  10:22  Stargate  
  56  10:26  Stargate  
  56  10:28  Stargate  
  56  10:31  Probe x2  
  56  10:34  Stargate  
  58  10:38  Stargate, Probe  
  58  10:41  Probe  
  58  10:42  Stargate  
  59  10:43  Probe  
  59  10:47  Stargate  
  59  10:48  Probe  
  61  10:51  Stargate  
  61  10:52  Probe  
  61  10:54  Stargate  
  61  10:55  Probe  
  64  10:59  Probe  
  64  11:02  Stargate  
  65  11:07  Probe  
  65  11:09  Probe  
  67  11:15  Probe  
  68  11:18  Probe  
  68  11:19  Probe  
  68  11:20  Probe  
  71  11:26  Probe  
  71  11:29  Probe  
  71  11:30  Probe  
  71  11:31  Probe  
  75  11:39  Probe  
  76  11:50  Probe  
  77  12:06  Void Ray (Chrono Boost)  
  77  12:08  Void Ray (Chrono Boost)  
  113  12:09  Void Ray x4 (Chrono Boost)  
  113  12:10  Void Ray x5 (Chrono Boost)  
  121  12:27  Void Ray (Chrono Boost)  
  117  13:13  Void Ray (Chrono Boost)  
  117  13:17  Void Ray x2 (Chrono Boost)  
  117  13:18  Void Ray x6 (Chrono Boost)  
  149  13:28  Fleet Beacon, Void Ray (Chrono Boost)  
  149  13:33  Void Ray (Chrono Boost)  
  159  13:34  Mothership Core  
  159  13:44  Protoss Air Armor Level 1 (Chrono Boost)  
  159  14:05  Nexus  
  159  14:15  Probe  
  166  14:25  Probe  
  166  14:27  Tempest x2  
  166  14:28  Tempest  
  179  14:36  Probe  
  180  14:46  Probe  
  181  14:57  Probe  
  182  15:02  Tempest (Chrono Boost)  
  182  15:03  Tempest (Chrono Boost)  
  194  15:07  Tempest (Chrono Boost)  
  194  15:23  Graviton Catapult  
  194  15:25  Protoss Air Weapons Level 1  
  198  15:40  Void Ray (Chrono Boost)  
  198  16:21  Anion Pulse-Crystals  
Show
View Real Time Build Order
Export as new Build Order

SI 1 (Łatwa) Terran 

Build Orders:  

Get SALT Encoding   

  12  0:00  SCV  
  13  0:13  SCV  
  14  0:19  Supply Depot  
  14  0:25  SCV  
  15  0:40  SCV  
  15  0:41  Barracks  
  16  0:47  Refinery  
  16  1:10  Supply Depot  
  16  1:21  Refinery  
  16  1:28  Barracks Tech Lab  
  16  1:29  Orbital Command  
  16  1:47  Marauder  
  18  2:09  Marauder  
  18  2:11  Supply Depot  
  18  2:14  SCV  
  21  2:26  SCV  
  22  2:32  Marauder  
  24  2:38  SCV  
  25  2:50  SCV  
  26  2:55  Marine  
  27  3:02  SCV  
  28  3:14  SCV  
  28  3:17  Marine  
  30  3:40  Marine  
  31  4:03  Marine  
  32  6:42  SCV  
  32  6:43  Marine  
  32  6:44  Supply Depot  
  34  6:47  Factory  
  34  6:49  Command Center  
  34  6:58  SCV  
  34  7:00  Marine  
  36  7:09  Supply Depot  
  36  7:18  Marine  
  36  7:32  Starport  
  36  7:36  Marine  
  37  7:54  Marine  
  38  8:02  SCV  
  39  8:07  SCV  
  39  8:09  Refinery, Starport Tech Lab  
  39  8:12  Marine, Refinery  
  40  8:14  SCV  
  40  8:19  SCV  
  39  8:27  SCV  
  39  8:28  Raven  
  39  8:29  Marine  
  39  8:31  SCV  
  43  8:39  SCV  
  44  8:43  SCV  
  44  8:48  Marauder  
  47  8:51  SCV  
  47  8:55  SCV  
  49  9:03  SCV  
  49  9:07  SCV  
  49  9:09  Marine  
  52  9:11  Raven  
  52  9:15  SCV  
  51  9:19  SCV  
  52  9:27  SCV, Marauder  
  55  9:31  SCV  
  56  9:39  SCV  
  56  9:43  SCV  
  58  9:48  Marauder  
  58  9:51  SCV  
  61  9:56  SCV  
  62  10:00  Supply Depot  
  62  10:03  SCV  
  63  11:34  Medivac  
  63  11:35  Factory Tech Lab  
  63  11:38  Supply Depot  
  63  11:39  Engineering Bay  
  65  11:45  Command Center  
  65  11:53  Siege Tank  
  68  12:04  Medivac  
  68  12:08  Supply Depot, Terran Infantry Weapons Level 1  
  69  12:25  Siege Tank  
  72  12:34  Raven  
  73  12:57  Siege Tank  
  77  12:58  SCV  
  77  13:02  SCV  
  77  13:05  Marine  
  70  13:07  Refinery, SCV  
  70  13:11  SCV  
  70  13:12  Refinery  
  64  13:15  SCV  
  64  13:17  Raven  
  68  13:20  SCV  
  68  13:23  Marine  
  69  13:40  Marine  
  70  13:58  Marine  
  70  14:00  Raven  
  70  14:02  Terran Infantry Armor Level 1  
  73  14:16  Marine  
  74  14:34  Marine  
  75  15:40  Marauder  
  77  15:44  Armory  
  77  15:55  Supply Depot  
  76  15:59  Raven  
  76  16:01  Marine  
  52  16:20  Marauder  
  50  16:25  Command Center  
  50  16:29  SCV  
  30  16:33  SCV  
  30  16:40  Marine  
  30  16:41  SCV  
  30  16:45  SCV  
  29  16:53  SCV  
  24  16:58  SCV  
  21  17:10  SCV  
  18  17:22  SCV  
  16  17:34  SCV  
Tags
 
Add a new tag
Caveats
  • Supply blocks, unpowered buildings, or Contaminate may cause inaccurate times.
  • Supply counts are checked every 10 seconds.